 Dungeon Crawl Stone Soup version 0.29.1-1-gd02db6906a (webtiles) character file.

Game seed: 14250861890165091378

18695 LustLizard the Thaumaturge (level 12, -1/93 HPs)
             Began as a Djinni Fire Elementalist on Oct 13, 2022.
             Was a Priest of Ashenzari.
             Slain by an orc warrior
             ... wielding a +0 halberd
              (16 damage)
             ... on level 11 of the Dungeon.
             The game lasted 00:33:26 (17989 turns).

LustLizard the Thaumaturge (DjFE)                  Turns: 17989, Time: 00:33:28

Health: -1/93      AC:  8    Str:  7    XL:     12   Next: 98%
Gold:   1092       EV: 16    Int: 22    God:    Ashenzari [***...] SH:  0 Dex: 20

rFire   + + +      SeeInvis +   m - +0 short sword "Share My Urgency" {Fort, Melee} (curse)
rCold   x . .      Faith    .   (no shield)
rNeg    . . .      Spirit   .   p - +1 leather armour of Ouranomancy {rC+, Melee, Fort} (curse)
rPois   ∞          Reflect  .   Q - +0 helmet
rElec   .          Harm     .   (no cloak)
rCorr   .          Rampage  .   w - +2 pair of gloves "Behold Eternity" {Self, Fort} (curse)
Will    +....      Clarity  +   (boots unavailable)
Stlth   ++++......              (no amulet)
HPRegen 0.25/turn               f - ring of Supernal Gnosis {Dex+6, Cun, Evo} (curse)
MPRegen 0.00/turn               K - ring of fire

@: flying
A: sickness immunity, fire resistance 2, cold vulnerability 1, float, innate
caster, HP casting, extra vitality 1
a: Renounce Religion, Curse Item, Shatter the Chains


You were on level 11 of the Dungeon.
You worshipped Ashenzari.
Ashenzari was most pleased with you.
You visited 2 branches of the dungeon, and saw 12 of its levels.

You collected 1092 gold pieces.

Inventory:

Hand Weapons
 c - a +0 club
 h - a +0 dagger
 m - the cursed +0 short sword "Share My Urgency" (weapon) {Fort, Melee}
   (You took it off a kobold on level 3 of the Dungeon)

   It has a curse which improves the following skills: Fortitude: Armour and
   Shields.
   Melee Combat: Short Blades, Long Blades, Axes, Maces & Flails, Polearms,
   Staves and Unarmed Combat.
 D - the +2 quarterstaff of Calculation {vorpal, rF++ Int+4 Dex-5}
   (You found it on level 8 of the Dungeon)

   It inflicts extra damage upon your enemies.
   Int:       It affects your intelligence (+4).
   Dex:       It affects your dexterity (-5).
   rF:        It greatly protects you from fire.
Missiles
 J - a throwing net
Armour
 a - a +0 robe
 p - the cursed +1 leather armour of Ouranomancy (worn) {rC+, Melee, Fort}
   (You took it off Ijyb on level 3 of the Dungeon)

   It has a curse which improves the following skills: Melee Combat: Short
   Blades, Long Blades, Axes, Maces & Flails, Polearms, Staves and Unarmed
   Combat.
   Fortitude: Armour and Shields.
 w - the cursed +2 pair of gloves "Behold Eternity" (worn) {Self, Fort}
   (You found it on level 4 of the Dungeon)

   It has a curse which improves the following skills: Introspection: Fighting
   and Spellcasting.
   Fortitude: Armour and Shields.
 Q - a +0 helmet (worn)
Jewellery
 f - the cursed ring of Supernal Gnosis (left hand) {Dex+6, Cun, Evo}
   (You found it on level 1 of the Dungeon)

   [ring of dexterity]

   Dex:       It affects your dexterity (+6).
   It has a curse which improves the following skills: Cunning: Dodging and
   Stealth.
   Evocations: Evocations.
 I - a ring of positive energy
 K - a ring of fire (right hand)
 M - a +4 ring of evasion
Wands
 o - a wand of iceblast (8)
 A - a wand of polymorph (14)
 F - a wand of charming (4)
 G - a wand of flame (18)
 H - a wand of mindburst (7)
Scrolls
 b - a scroll of poison
 e - 8 scrolls of teleportation
 g - 3 scrolls of magic mapping
 i - 3 scrolls of enchant weapon
 k - 3 scrolls of vulnerability
 l - 5 scrolls of amnesia
 q - a scroll of fog
 r - 3 scrolls of enchant armour
 s - 4 scrolls of silence
 u - 4 scrolls of fear
 y - 4 scrolls of noise
 E - 2 scrolls of immolation
 L - a scroll of brand weapon
 P - a scroll of blinking
Potions
 d - 2 potions of magic
 j - 3 potions of flight
 n - 2 potions of haste
 t - 2 potions of lignification
 v - a potion of brilliance
 x - 3 potions of degeneration
 z - 2 potions of heal wounds
 B - 6 potions of curing
 C - a potion of berserk rage
 N - 3 potions of might
Miscellaneous
 O - a condenser vane


   Skills:
 + Level 9.2(10.8) Fighting
 - Level 6.3(8.0) Dodging
 - Level 6.3(8.0) Stealth
 * Level 11.7(13.3) Spellcasting
 - Level 7.8(9.4) Evocations


You had 10 spell levels left.
You knew the following spells:

 Your Spells              Type           Power      Damage    Failure   Level
a - Foxfire               Conj/Fire      100%       2x1d9     1%          1
b - Scorch                Fire           100%       2d10      1%          2
c - Conjure Flame         Conj/Fire      83%        6-21      1%          3
d - Inner Flame           Hex/Fire       83%        N/A       1%          3
e - Flame Wave            Conj/Fire      83%        2d18      1%          4
f - Shock                 Conj/Air       100%       1d9       1%          1
g - Blink                 Tloc           100%       N/A       1%          2
h - Searing Ray           Conj           100%       2d8       1%          2
i - Animate Armour        Summ/Erth      100%       N/A       1%          4
j - Blade Hands           Tmut           32%        N/A       1%          5
Your spell library was empty.

Dungeon Overview and Level Annotations

Branches:
Dungeon (11/15)            Temple (1/1) D:6            Lair (0/5) D:11
    Orc: D:9-12

Altars:
Ashenzari
Cheibriados
Dithmenos
Elyvilon
Fedhas
Gozag
Hepliaklqana
Makhleb
Nemelex Xobeh
Okawaru
Qazlal
Ru
Trog
Uskayaw
Wu Jian
Xom
Yredelemnul
Zin
The Shining One

Annotations:
D:8 exclusion: ugly thing
D:9 exclusion: rakshasa
D:10 exclusion: hydra
Temple 2 transporters


Innate Abilities, Weirdness & Mutations

You are immune to sickness and miasma.
You are immune to poison.
Your flesh is very heat resistant. (rF++)
You are vulnerable to cold. (rC-)
You float through the air rather than walking.
You learn spells naturally, not from books.
Your magical power is your life essence.
You have superior vitality. (+4 MHP)


Message History

The orc warrior's fire resistance burns away.
The orc warrior completely misses you.
Casting: Scorch (safe; 1% risk of failure)
Confirm with . or Enter, or press ? or * to list all spells.
You feel a surge of power!
Flames lash the orc warrior.
The orc warrior is burned terribly!
The orc warrior is moderately wounded.
The orc warrior hits you from afar with a +0 halberd.
Casting: Scorch (safe; 1% risk of failure)
Confirm with . or Enter, or press ? or * to list all spells.
You feel a surge of power!
Flames lash the orc warrior.
The orc warrior is burned terribly!
The orc warrior is heavily wounded.
The orc warrior completely misses you.
Casting: Scorch (safe; 1% risk of failure)
Confirm with . or Enter, or press ? or * to list all spells.
You feel a surge of power!
Flames lash the orc warrior.
The orc warrior is burned terribly!
The orc warrior is severely wounded.
The orc warrior completely misses you.
Casting: Scorch (safe; 1% risk of failure)
Confirm with . or Enter, or press ? or * to list all spells.
You feel a surge of power!
Flames lash the orc warrior but do no damage.
The orc warrior hits you from afar with a +0 halberd!!
* * * LOW HITPOINT WARNING * * *
Casting: Scorch (safe; 1% risk of failure)
Confirm with . or Enter, or press ? or * to list all spells.
You feel a surge of power!
Flames lash the orc warrior.
The orc warrior is burned terribly!
The orc warrior is almost dead.
* * * LOW HITPOINT WARNING * * *
The orc warrior misses you.
Casting: Scorch (safe; 1% risk of failure)
Confirm with . or Enter, or press ? or * to list all spells.
You feel a surge of power!
Flames lash the orc warrior.
The orc warrior is almost dead.
* * * LOW HITPOINT WARNING * * *
The orc warrior hits you from afar with a +0 halberd!
You die...

.# #.# .,* #.#
############ #.# *
#..........####### ##.#
.................####..##
#......)...#####.........
#......)...# ######.###
** #..........### #.# ,
#......)@....#* #.# ,
######o#####..#* ##.# *
#) #..# #..# , ** #) *#.#
#### , o) ,# ,{ * , , .o
{{{ , ~ ,..o ' ,* ** ...
* , , ,* ,~ ,' 8, 8*,


You could see an orc warrior (combustible).

Vanquished Creatures
  A boulder beetle (D:10)
  Erica (D:9)
  5 two-headed ogres
  A deep elf pyromancer (D:9)
  An ugly thing (D:8)
  A cyclops (D:11)
  Joseph (D:10)
  A gargoyle (D:10)
  Psyche (D:10)
  2 yaktaurs (D:10)
  A komodo dragon (shapeshifter) (D:10)
  4 trolls
  Sigmund (D:5)
  A wyvern (D:11)
  A wraith (D:10)
  3 yaks
  3 vampire mosquitoes (D:10)
  2 acid dragons
  3 water moccasins
  7 orc warriors
  4 ice beasts
  A sky beast (D:7)
  2 black bears
  An ogre (D:4)
  3 wolves (D:11)
  2 centaurs
  4 phantoms
  The ghost of croobank the Caller, an amateur OpSu (D:3)
  A kobold brigand (D:9)
  6 bullfrogs
  2 necrophages (D:5)
  2 gnoll sergeants
  4 scorpions
  3 wights (D:8)
  7 killer bees
  The ghost of Icepheonix32 the Caller, a weakling MfSu (D:3)
  3 howler monkeys
  4 electric eels (D:11)
  12 hounds
  2 jellies
  7 orc priests
  2 gnoll boudas
  5 iguanas
  Ijyb (D:3)
  11 orc wizards
  15 gnolls
  17 adders
  2 shadow imps
  2 white imps
  3 ufetubi (D:5)
  3 dart slugs
  45 orcs
  7 bats
  6 endoplasms
  4 giant cockroaches
  2 goblins
  11 hobgoblins
  6 jackals (D:2)
  8 kobolds
  5 quokkas
  9 ball pythons
  2 frilled lizards (D:2)
  6 rats
285 creatures vanquished.

Vanquished Creatures (others)
  171 foxfires
  2 plants (D:1)
173 creatures vanquished.

Grand Total: 458 creatures vanquished

Notes
Turn   | Place    | Note
-------+----------+-------------------------------------------
     0 | D:1      | LustLizard the Djinni Fire Elementalist began the quest for
                  | the Orb.
     0 | D:1      | LustLizard set off with the following spells memorised:
                  | Foxfire, Scorch, Conjure Flame, Inner Flame, Flame Wave.
     0 | D:1      | Reached XP level 1. HP: 15/15 MP: 0/0
   411 | D:1      | Reached XP level 2. HP: 21/22 MP: 0/0
   790 | D:1      | Found a faded altar of an unknown god.
   884 | D:1      | Reached XP level 3. HP: 24/26 MP: 0/0
   884 | D:1      | Learned a level 1 spell: Shock
  1428 | D:2      | Reached skill level 1 in Fighting
  1451 | D:2      | You are sucked into a shaft and drop 1 floor!
  1479 | D:3      | Reached XP level 4. HP: 20/32 MP: 0/0
  1483 | D:3      | Reached skill level 3 in Spellcasting
  2925 | D:3      | Reached XP level 5. HP: 37/37 MP: 0/0
  2925 | D:3      | Learned a level 2 spell: Blink
  3076 | D:3      | Noticed Ijyb
  3125 | D:3      | Found a stormy altar of Qazlal.
  3780 | D:3      | Killed Ijyb
  4029 | D:3      | Reached XP level 6. HP: 37/43 MP: 0/0
  4198 | D:3      | Found a runed translucent gate.
  4198 | D:3      | Found a runed translucent gate.
  4198 | D:3      | Found a runed translucent gate.
  4199 | D:3      | Noticed Icepheonix32's ghost (weakling MfSu)
  4199 | D:3      | Noticed croobank's ghost (amateur OpSu)
  4911 | D:4      | Found a sacrificial altar of Ru.
  5066 | D:4      | Reached skill level 4 in Spellcasting
  5124 | D:4      | Noticed an ogre
  5145 | D:4      | Killed an ogre
  5146 | D:4      | Reached XP level 7. HP: 34/49 MP: 0/0
  5146 | D:4      | Learned a level 2 spell: Searing Ray
  5275 | D:4      | Found a hazy altar of Hepliaklqana.
  5990 | D:5      | Entered Level 5 of the Dungeon
  6187 | D:5      | Reached XP level 8. HP: 43/56 MP: 0/0
  6399 | D:5      | Reached skill level 5 in Spellcasting
  6673 | D:5      | Noticed Sigmund
  6679 | D:5      | Killed Sigmund
  6955 | D:5      | Reached skill level 6 in Spellcasting
  6959 | D:5      | Reached skill level 5 in Fighting
  6959 | D:5      | Reached XP level 9. HP: 54/65 MP: 0/0
  6959 | D:5      | Learned a level 4 spell: Animate Armour
  7063 | D:5      | Noticed a troll
  7071 | D:5      | Killed a troll
  7259 | D:5      | Identified the +5 sling of Karma {flame, rElec rC- Int+8
                  | Dex-2}
  7312 | D:5      | Reached skill level 7 in Spellcasting
  8467 | D:6      | Found a staircase to the Ecumenical Temple.
  8502 | Temple   | Entered the Ecumenical Temple
  8502 | Temple   | Found a transporter.
  8502 | Temple   | Found a transporter.
  8504 | Temple   | Found a transporter.
  8504 | Temple   | Found a transporter.
  8517 | Temple   | Became a worshipper of Ashenzari the Shackled
  9254 | D:6      | Reached XP level 10. HP: 41/73 MP: 0/0
  9404 | D:6      | Reached skill level 8 in Spellcasting
  9541 | D:6      | Reached skill level 1 in Evocations
 10319 | D:7      | Reached * piety under Ashenzari
 10320 | D:7      | Reached skill level 10 in Spellcasting
 10320 | D:7      | Reached XP level 11. HP: 81/81 MP: 0/0
 10320 | D:7      | Learned a level 5 spell: Blade Hands
 10396 | D:7      | Found a hide-covered altar of Uskayaw.
 10487 | D:8      | Noticed a two-headed ogre
 10498 | D:8      | Killed a two-headed ogre
 10684 | D:8      | Identified the +2 quarterstaff of Calculation {vorpal, rF++
                  | Int+4 Dex-5}
 10728 | D:8      | Noticed a green ugly thing
 11115 | D:8      | Found a glowing golden altar of the Shining One.
 11115 | D:8      | Found an ornate altar of the Wu Jian Council.
 11116 | D:8      | Found a glowing silver altar of Zin.
 11250 | D:8      | Reached skill level 5 in Dodging
 11560 | D:8      | Reached ** piety under Ashenzari
 11708 | D:9      | Noticed Erica
 11727 | D:9      | Killed Erica
 12064 | D:9      | Reached skill level 5 in Stealth
 12303 | D:9      | Reached *** piety under Ashenzari
 12348 | D:9      | Noticed a rakshasa
 12762 | D:9      | Noticed a deep elf pyromancer
 12769 | D:9      | Killed a deep elf pyromancer
 12848 | D:9      | Noticed a two-headed ogre
 12854 | D:9      | Killed a two-headed ogre
 13085 | D:10     | Entered Level 10 of the Dungeon
 13101 | D:10     | Noticed Psyche
 13111 | D:10     | Killed Psyche
 13139 | D:10     | Identified the cursed +2 pair of gloves "Behold Eternity"
                  | {Self, Fort} (You found it on level 4 of the Dungeon)
 13139 | D:10     | Identified the cursed +1 leather armour of Ouranomancy
                  | {rC+, Melee, Fort} (You took it off Ijyb on level 3 of the
                  | Dungeon)
 13159 | D:10     | Found the +5 demon whip "Spellbinder" {antimagic, Will+}
 13177 | D:10     | Reached XP level 12. HP: 62/90 MP: 0/0
 13733 | D:10     | Noticed a two-headed ogre
 13750 | D:10     | Killed a two-headed ogre
 13895 | D:10     | Noticed a two-headed ogre
 13915 | D:10     | Noticed a two-headed ogre
 13922 | D:10     | Killed a two-headed ogre
 14550 | D:10     | Reached skill level 11 in Spellcasting
 14646 | D:10     | Noticed a boulder beetle
 14667 | D:10     | Killed a boulder beetle
 14965 | D:10     | Noticed a four-headed hydra
 15295 | D:10     | Noticed Joseph
 15306 | D:10     | Killed Joseph
 16437 | D:3      | Killed croobank's ghost
 16439 | D:3      | Killed Icepheonix32's ghost
 16962 | D:10     | Killed a two-headed ogre
 17654 | D:11     | Found a staircase to the Lair.
 17989 | D:11     | Slain by an orc warrior

Illustrated notes

Levels and vault maps discovered:
D:1:      kennysheep_arrival_forest, layout_loops_cross,
          nicolae_ecumenical_snake_handling, serial_forest,
          infiniplex_forest_lined_2, infiniplex_forest_3_way,
          infiniplex_forest_corner_1, infiniplex_forest_clump_curved,
          infiniplex_forest_lined_2, infiniplex_forest_3_way
D:2:      layout_basic, minmay_small_reverse_x
D:3:      layout_loops_ring, lemuel_crystal_altar, gammafunk_ghost_cemetery,
          dreamdust_princess_corridor, uniq_ijyb
D:4:      layout_cave_pools, mainiacjoe_overflow_surrounded_room,
          nicolae_ru_great_annihilating_truth, serial_column_ruins,
          column_ruins_hut, column_ruins_grid_1, column_ruins_columns_straight,
          column_ruins_columns_straight, column_ruins_open_tiny,
          column_ruins_grid_3, column_ruins_columns_dead_end, minivault_11
D:5:      kennysheep_windowed_halls, layout_basic, uniq_sigmund
D:6:      layout_loops_corners, minmay_temple_entry_junction,
          dreamdust_wishing_well, kennysheep_decorative_pillar
D:7:      layout_cave_pools, kennysheep_mini
D:8:      layout_gridville, minitemple
D:9:      layout_basic, wad_mini_maze, uniq_erica
D:10:     nzn_winding_woodlands_small [nzn_winding_woodlands_5x15_concentric,
          nzn_winding_woodlands_center_triple_pond,
          nzn_winding_woodlands_5x15_jagged], layout_loops_cross, minivault_5,
          kennysheep_path_1, minivault_10, uniq_psyche, uniq_joseph
D:11:     layout_roguey [special_room_orc], erik_lair_island,
          kennysheep_orc_monster_closet_entryway
Temple:   hellmonk_temple_divided_pantheon

Skill      XL: |  1  2  3  4  5  6  7  8  9 10 11 12 |
---------------+-------------------------------------+-----
Fighting       | 1 2 3 5 6 7 9 |  9.2
Stealth        | 2 3 4 5 6 |  6.3
Spellcasting   | 3 4 6 7 10 11 | 11.7
Dodging        | 3 4 5 6 |  6.3
Evocations     | 7 |  7.8

Action                   |  1- 3 |  4- 6 |  7- 9 | 10-12 || total
-------------------------+-------+-------+-------+-------++-------
Melee: Club              |    11 |       |       |       ||    11
       Dagger            |     6 |    50 |       |       ||    56
       Short sword       |       |    19 |    15 |    14 ||    48
 Cast: Foxfire           |    41 |    46 |     9 |     6 ||   102
       Scorch            |       |    50 |   112 |   248 ||   410
       Blink             |       |     3 |       |     2 ||     5
       Shock             |       |     3 |    17 |   130 ||   150
       Searing Ray       |       |       |     9 |       ||     9
       Inner Flame       |       |       |     1 |       ||     1
       Flame Wave        |       |       |     1 |     2 ||     3
Invok: Curse Item        |       |       |       |     4 ||     4
  Use: Scroll            |     1 |       |     6 |     5 ||    12
       Potion            |       |       |       |     2 ||     2
 Stab: Sleeping          |       |    10 |     1 |       ||    11
Armor: Robe              |     3 |    19 |       |       ||    22
       Leather armour    |       |     2 |    32 |    27 ||    61
       Skin              |       |       |       |     1 ||     1
Dodge: Dodged            |    20 |    99 |    77 |    93 ||   289
